AoeStats
← Maverick

Baltic

510925983Analyzed
2v2 RM · 6h ago on Oct 3, 2026· 24m 30s· 4 players
Game mode
Random Map
Map size
Medium (4 player)
Population
200
Speed
Normal
Resources
Standard
Victory
Conquest
Starting age
Dark Age
Ending age
Imperial Age
RankedLock teamsTeams togetherTeam positionsShared explorationLock speedFull tech treeHidden civsTurbo modeCheats
Victory
Defeat
🇨🇦 Varangians · Canada
1611
+12
🇺🇸 Dravidians · United States
1355
+22
🇦🇷 Vikings · Argentina
1647
-22
🇦🇷 Byzantines · Argentina
1384
-12
Maverick
5:16 Loom
10:57 Feudal Age
11:52 Double-Bit Axe
13:06 Fletching
14:05 Horse Collar
20:18 Castle Age
18:43 Gold Mining
20:07 Town Watch
20:40 Padded Archer Armor
23:20 Bodkin Arrow
randy pan
6:58 Loom
10:22 Feudal Age
10:26 Man-at-Arms
12:42 Fletching
17:28 Padded Archer Armor
22:31 Castle Age
21:11 Double-Bit Axe
22:08 Horse Collar
22:44 Scale Mail Armor
22:33 Long Swordsman
23:09 Bodkin Arrow
22:37 Crossbowman
23:51 Town Watch
BTJ | Dr Colageno
7:58 Loom
10:30 Feudal Age
11:27 Double-Bit Axe
12:55 Fletching
16:06 Wheelbarrow
17:55 Fletching
20:17 Fishing Lines
24:39 Castle Age
23:12 Padded Archer Armor
Springles
6:39 Loom
10:35 Feudal Age
11:32 Double-Bit Axe
24:29 Castle Age
Connection lost

Rejoining the realm…

Still unreachable

The connection could not be restored.

Session expired

The server has moved on; the page needs a fresh start.